 Seeded DCSS version 0.31.0-32-g396128a36d (webtiles) character file.

Game seed: 16883790005771389819 (custom seed)

35259 McKennaii the Devastator (level 13, -16/86 HPs)
             Began as a Demigod Conjurer on Mar 10, 2024.
             Killed from afar by a lindwurm (31 damage)
             ... with a blast of flame
             ... on level 3 of the Lair of Beasts.
             The game lasted 00:13:56 (14779 turns).

McKennaii the Devastator (Demigod Conjurer)        Turns: 14779, Time: 00:13:57

Health: -16/86     AC: 16    Str: 17    XL:     13   Next: 16%
Magic:  10/35      EV: 11    Int: 43    God:
Gold:   431        SH:  0    Dex: 12    Spells: 32/39 levels left

rFire   . . .        I - +7 rapier of Sunlight {chaos, Int+3}
rCold   x . .        j - sphere of Battle
rNeg    + . .        a - +5 leather armour of the Hot Ocelot {Str+3 Int+4}
rPois   +            s - +2 helmet
rElec   .            k - +0 cloak
rCorr   .            (no gloves)
SInv    .            (no boots)
Will    +....        B - amulet of the acrobat
Stlth   ++           E - ring "Fanai" {rPois rC- rN+ AC+4 Str+6}
HPRegen 0.34/turn    u - ring of flight
MPRegen 0.24/turn

%: acrobat
@: flying
A: high MP 1, forlorn, divine attributes
a: no special abilities


You were on level 3 of the Lair of Beasts.
You visited 2 branches of the dungeon, and saw 13 of its levels.
You also visited: Sewer.

You collected 651 gold pieces.
You spent 220 gold pieces at shops.

Inventory:

Hand Weapons
 l - the +6 shillelagh "Devastator" {shatter}
   (You found it on level 2 of the Dungeon)
 I - the +7 rapier of Sunlight (weapon) {chaos, Int+3}
   (You found it on level 6 of the Dungeon)

   Int+3:     It affects your intelligence (+3).
Armour
 a - the +5 leather armour of the Hot Ocelot (worn) {Str+3 Int+4}
   (You found it on level 10 of the Dungeon)

   Str+3:     It affects your strength (+3).
   Int+4:     It affects your intelligence (+4).
 j - the sphere of Battle (worn)
   (You found it on level 2 of the Dungeon)

   Battle:    It summons a battlesphere in combat, with strength depending on
   Conjurations skill.
   Destructive: It enhances your destructive magic, and weakens non-destructive
   magic.
 k - a +0 cloak (worn)
 s - a +2 helmet (worn)
Jewellery
 g - a ring of wizardry
 h - a ring of see invisible
 u - a ring of flight (right hand)
 B - an amulet of the acrobat (around neck)
 E - the ring "Fanai" (left hand) {rPois rC- rN+ AC+4 Str+6}
   (You bought it in a shop on level 4 of the Dungeon)

   [ring of protection]

   AC+4:      It affects your AC (+4).
   Str+6:     It affects your strength (+6).
   rC-:       It makes you vulnerable to cold.
   rPois:     It protects you from poison rN+: It protects you from negative
   energy.
 G - a ring of poison resistance
 P - a ring of resist corrosion
Wands
 m - a wand of flame (35)
 F - a wand of mindburst (15)
 J - a wand of iceblast (19)
 M - a wand of digging (7)
 Q - a wand of quicksilver (14)
Scrolls
 c - 2 scrolls of enchant armour {unknown}
 d - 10 scrolls of teleportation {unknown}
 e - 4 scrolls of fog {unknown}
 f - 3 scrolls of fear {unknown}
 n - 10 scrolls of identify {unknown}
 o - 2 scrolls of silence {unknown}
 p - 5 scrolls of amnesia {unknown}
 r - a scroll of blinking {unknown}
 t - 2 scrolls of vulnerability {unknown}
 w - 3 scrolls of butterflies {unknown}
 x - 3 scrolls of revelation {unknown}
 y - 2 scrolls of brand weapon {unknown}
 K - 3 scrolls of poison {unknown}
 O - a scroll of noise {unknown}
Potions
 b - 3 potions of magic
 i - 3 potions of degeneration {unknown}
 q - 4 potions of curing {unknown}
 v - 3 potions of might {unknown}
 z - a potion of cancellation {unknown}
 A - a potion of experience {unknown}
 C - 4 potions of mutation {unknown}
 D - a potion of attraction {unknown}
 H - 2 potions of heal wounds {unknown}
 L - 2 potions of berserk rage {unknown}
 N - 2 potions of resistance {unknown}
 R - a potion of haste {unknown}
 S - a potion of lignification {unknown}
 T - a potion of ambrosia {unknown}


   Skills:
 - Level 4.0 Armour
 - Level 1.7 Dodging
 - Level 1.7 Stealth
 + Level 13.8 Spellcasting
 + Level 15.2 Conjurations


You had 32 spell levels left.
You knew the following spells:

 Your Spells              Type           Power      Damage    Failure   Level
a - Magic Dart            Conj           100%       1d8       0%          1
b - Searing Ray           Conj           100%       2d8       0%          2
c - Iskenderun's Mystic   Conj/Tloc      97%        2d19      1%          4

Your spell library contained the following spells:

 Spells                   Type           Power      Damage    Failure   Level
 Blink                    Tloc           28%        N/A       1%          2
 Call Imp                 Summ           28%        N/A       1%          2
 Jinxbite                 Hex            28%        N/A       1%          2
 Scorch                   Fire           88%        2d8       1%          2
 Flame Wave               Conj/Fire      97%        2d20      1%          4
 Fulminant Prism          Conj/Alch      48%        3d21      1%          4
 Freezing Cloud           Conj/Ice/Air   42%        6-21      4%          5
 Alistair's Intoxication  Alch           9%         N/A       32%         5
 Borgnjor's Vile Clutch   Necr/Erth      7%         N/A       32%         5
 Yara's Violent Unravell  Hex/Alch       22%        3d10      32%         5
 Eringya's Noxious Bog    Alch           22%        4d6       87%         6
 Sculpt Simulacrum        Ice/Alch       7%         N/A       87%         6
 Summon Cactus Giant      Summ           7%         N/A       87%         6
 Enfeeble                 Hex            7%         N/A       100%        7
 Polar Vortex             Ice            22%        12d2*     100%        9


Dungeon Overview and Level Annotations

Branches:
Dungeon (10/15)            Temple (0/1) D:6            Lair (3/5) D:9
 Shoals (0/4) Lair:2       Spider (0/4) Lair:3        Sewer (visited)
    Orc: D:9-12

Shops:
D:3 (   D:4 ??(*:   D:5 *

Annotations:
D:9 exclusion: orange crystal statue


Innate Abilities, Weirdness & Mutations

You have an increased reservoir of magic. (+10% MP)
You shall have no god before yourself.
Your divine heritage dramatically boosts your attributes as you level up.


Message History

The lindwurm violently stops moving!
The lindwurm is moderately wounded.
Your battlesphere fires!
The barrage of energy hits the lindwurm!
The lindwurm is severely wounded.
The lindwurm breathes flames at you. The blast of flame hits you!
* * * LOW HITPOINT WARNING * * *
Unknown command.
Unknown command.
Unknown command.
Casting: Iskenderun's Mystic Blast (mildly dangerous; 1% risk of failure)
Confirm with . or Enter, or press ? or * to list all spells.
You feel a surge of power!
You erupt in a blast of force!
The mystic blast hits the lindwurm!
The lindwurm is almost dead.
The lindwurm is knocked back by the mystic blast.
The lindwurm violently stops moving!
You kill the lindwurm!
The mystic blast hits the lindwurm but does no damage.
Your battlesphere fires!
The barrage of energy hits the lindwurm!
The lindwurm is lightly wounded.
Your battlesphere expends the last of its energy and dissipates.
The lindwurm closely misses you. The lindwurm barely misses you.
The lindwurm claws you!
* * * LOW HITPOINT WARNING * * *
Unknown command.
Unknown command.
Unknown command.
Casting: Iskenderun's Mystic Blast (mildly dangerous; 1% risk of failure)
Confirm with . or Enter, or press ? or * to list all spells.
You feel a surge of power!
You erupt in a blast of force!
The mystic blast hits the lindwurm!
The lindwurm is moderately wounded.
The lindwurm is knocked back by the mystic blast.
You conjure a globe of magical energy.
The lindwurm breathes flames at you. The blast of flame hits you!!
You die...

P....§......≈≈..........
#......§.≈≈≈≈§≈§≈.......#
#.#....≈≈≈≈§≈§§§≈≈≈.....#
......§≈≈≈≈≈≈§§§§○≈§....#
.....≈≈§≈≈≈§≈§≈≈≈≈≈≈≈...#
.....§≈≈≈ ..k.≈≈≈≈≈≈...##
....≈≈§§≈ #†..≈≈§≈≈..(#
....≈≈≈§≈ #..≈≈≈≈§...##
#.§§≈≈≈≈.
#.![.#@.≈≈§§....#
P.§§≈§≈§. #![k
##.§§≈§§...# ...≈§≈≈≈.
#?} ##*≈§§≈§§..#
..§§≈≈≈§. #.
.#..§§≈≈.§.## ..§§§≈≈§≈..
##..≈≈§≈≈...# ....≈≈≈§≈§
##...≈≈≈§≈...# .....≈§§≈
...§≈≈≈≈§....# .P...≈§§≈
≈≈§§≈§≈§≈§....# #.....≈§§
≈≈≈≈≈§§≈≈.....#


You could see a lindwurm (catching breath) and a friendly battlesphere.

Vanquished Creatures
  2 hydras
  Erica (D:9)
  2 two-headed ogres
  A catoblepas (Lair:1)
  3 death yaks (D:9)
  Urug (Lair:2)
  3 lindwurms (Lair:3)
  A meliai (Lair:3)
  16 elephants
  4 black mambas
  4 rime drakes
  7 cane toads
  4 komodo dragons
  A troll (D:9)
  A queen bee (Lair:3)
  Grinder (D:3)
  11 blink frogs
  A dream sheep (Lair:1)
  A snapping turtle (Lair:2)
  Sigmund (D:2)
  A shadow (D:6)
  9 wyverns
  A water elemental (Lair:2)
  6 basilisks
  22 yaks
  Grum (D:9)
  2 steam dragons
  Duvessa (D:7)
  19 water moccasins
  2 laughing skulls (D:9)
  2 orc warriors
  2 sky beasts
  A black bear (Lair:3)
  8 wolves
  An ogre (D:7)
  3 centaurs
  A kobold brigand (D:10)
  2 brain worms (Sewer)
  9 bullfrogs
  A gnoll sergeant (D:6)
  A scorpion (D:5)
  9 wights
  Dowan (D:7)
  34 killer bees (Lair:3)
  A howler monkey (D:9)
  3 lava snakes (D:9)
  A bombardier beetle (D:5)
  A hound (D:7)
  2 jellies
  An orc priest (D:9)
  Crazy Yiuf (D:2)
  2 gnoll boudas
  Terence (D:3)
  3 iguanas
  2 sleepcaps
  10 orc wizards
  5 hell rats
  Robin (D:3)
  17 gnolls
  3 river rats (Sewer)
  7 adders
  2 ufetubi (D:6)
  3 ribbon worms
  3 dart slugs
  23 orcs
  4 endoplasms
  5 giant cockroaches
  13 goblins
  12 hobgoblins
  4 jackals (D:2)
  6 kobolds
  7 quokkas
  9 ball pythons
  3 bats
  9 frilled lizards
  17 rats
386 creatures vanquished.

Vanquished Creatures (others)
  An orc (D:5)
1 creature vanquished.

Grand Total: 387 creatures vanquished

Notes
Turn   | Place    | Note
-------+----------+-------------------------------------------
     0 | D:1      | McKennaii the Demigod Conjurer began the quest for the Orb.
     0 | D:1      | Reached XP level 1. HP: 14/14 MP: 5/5
   309 | D:1      | Reached XP level 2. HP: 20/20 MP: 4/7
   312 | D:1      | Learned a level 2 spell: Searing Ray
   513 | D:1      | Reached skill level 4 in Conjurations
  1176 | D:1      | Reached XP level 3. HP: 26/26 MP: 4/9
  1476 | D:2      | Identified the +6 sling of Suruiph {speed, rElec rPois}
  1764 | D:2      | Identified the +6 quarterstaff of the Oily God {venom, rC+
                  | Str+3 Int+3}
  1932 | D:2      | Found the sphere of Battle
  2005 | D:2      | Found the +6 shillelagh "Devastator" {shatter}
  2203 | D:2      | Found a runed translucent door.
  2203 | D:2      | Identified the +4 hammer "Dragonslayer" {drain, rElec rN+}
  2204 | D:2      | Noticed Crazy Yiuf
  2208 | D:2      | Killed Crazy Yiuf
  2209 | D:2      | Reached XP level 4. HP: 33/33 MP: 7/11
  2600 | D:2      | Noticed Sigmund
  2647 | D:2      | Killed Sigmund
  2648 | D:2      | Reached skill level 5 in Conjurations
  2648 | D:2      | Reached XP level 5. HP: 38/38 MP: 8/14
  2801 | D:3      | Noticed Grinder
  2807 | D:3      | Killed Grinder
  2808 | D:3      | Reached XP level 6. HP: 45/45 MP: 11/16
  2908 | D:3      | Found Emuffaell's Antique Weapon Shop.
  2912 | D:3      | Reached skill level 6 in Conjurations
  2943 | D:3      | Noticed Terence
  2948 | D:3      | Killed Terence
  3115 | D:3      | Identified the +2 robe "Zajoeq" {+Blink Dex+3 Stlth+}
  3234 | D:3      | Noticed Robin
  3239 | D:3      | Killed Robin
  3355 | D:3      | Reached XP level 7. HP: 50/50 MP: 9/17
  3769 | D:4      | Found Wyikitta's Book Shop.
  3809 | D:4      | Reached skill level 5 in Spellcasting
  3842 | D:4      | Found Ohaishredd's Weapon Emporium.
  3860 | D:4      | Found Ciekown's Magic Scroll Emporium.
  3908 | D:4      | Found a glowing drain.
  3916 | Sewer    | Entered a sewer
  4528 | D:4      | Found Fainges's Assorted Antiques.
  4536 | D:4      | Bought a pink potion for 19 gold pieces
  4536 | D:4      | Bought a sparkling platinum ring for 110 gold pieces
  4536 | D:4      | Identified the ring "Fanai" {rPois rC- rN+ AC+4 Str+6} (You
                  | bought it in a shop on level 4 of the Dungeon)
  4536 | D:4      | Bought a scroll labelled GETEREA AMAIJ for 22 gold pieces
  4727 | D:4      | Found Moreq's Magic Scroll Shop.
  5000 | D:5      | Entered Level 5 of the Dungeon
  5052 | D:5      | Reached skill level 7 in Conjurations
  5057 | D:5      | Learned a level 4 spell: Iskenderun's Mystic Blast
  5249 | D:5      | Found Baett's Assorted Antiques.
  5254 | D:5      | Bought a scroll labelled GETEREA AMAIJ for 23 gold pieces
  5254 | D:5      | Bought a scroll labelled ZEABUO YLAU for 23 gold pieces
  5254 | D:5      | Bought a scroll labelled RISHREO EHIE for 23 gold pieces
  5458 | D:5      | Reached XP level 8. HP: 57/57 MP: 15/20
  6166 | D:6      | Reached skill level 8 in Conjurations
  6407 | D:6      | Found a staircase to the Ecumenical Temple.
  6450 | D:6      | Identified the +7 rapier of Sunlight {chaos, Int+3}
  7157 | D:7      | Noticed Dowan
  7158 | D:7      | Noticed Duvessa
  7172 | D:7      | Killed Dowan
  7205 | D:7      | Killed Duvessa
  7634 | D:8      | Reached XP level 9. HP: 62/62 MP: 12/24
  7635 | D:8      | Reached skill level 9 in Conjurations
  7765 | D:8      | Identified the +11 sling of Qomnium {antimagic, Int+4}
  7820 | D:8      | Identified the +0 robe of the Fisher {Rampage rElec rCorr
                  | Stlth-}
  8210 | D:9      | Noticed Grum
  8215 | D:9      | Killed Grum
  8416 | D:9      | Reached skill level 10 in Conjurations
  8571 | D:9      | Noticed a death yak
  8587 | D:9      | Killed a death yak
  8589 | D:9      | Reached XP level 10. HP: 53/69 MP: 6/27
  8848 | D:9      | Noticed a death yak
  8856 | D:9      | Noticed a death yak
  8860 | D:9      | Killed a death yak
  8998 | D:9      | Killed a death yak
  8999 | D:9      | Reached skill level 11 in Conjurations
  8999 | D:9      | Noticed Erica
  9120 | D:9      | Killed Erica
  9121 | D:9      | Reached skill level 10 in Spellcasting
  9208 | D:9      | Found a staircase to the Lair.
  9298 | D:9      | Noticed a two-headed ogre
  9303 | D:9      | Killed a two-headed ogre
  9590 | D:9      | Noticed an orange crystal statue
  9955 | D:9      | You fall into a shaft and drop 1 floor!
  9955 | D:10     | Entered Level 10 of the Dungeon
  9961 | D:10     | Noticed a two-headed ogre
  9992 | D:10     | Killed a two-headed ogre
 10059 | D:10     | Identified the +5 leather armour of the Hot Ocelot {Str+3
                  | Int+4}
 10286 | Lair:1   | Entered Level 1 of the Lair of Beasts
 10286 | Lair:1   | Noticed an elephant
 10286 | Lair:1   | Noticed an elephant
 10286 | Lair:1   | Noticed an elephant
 10291 | Lair:1   | Reached skill level 1 in Armour
 10291 | Lair:1   | Reached XP level 11. HP: 74/74 MP: 22/30
 10292 | Lair:1   | Reached skill level 12 in Conjurations
 10473 | Lair:1   | Noticed a catoblepas
 10478 | Lair:1   | Killed a catoblepas
 11332 | Lair:1   | Reached skill level 13 in Conjurations
 11637 | Lair:1   | Noticed a seven-headed hydra
 11647 | Lair:1   | Killed a seven-headed hydra
 11771 | Lair:1   | Reached XP level 12. HP: 74/81 MP: 20/32
 12121 | Lair:2   | Found a staircase to the Shoals.
 12595 | Lair:2   | Noticed Urug
 12601 | Lair:2   | Killed Urug
 12720 | Lair:2   | Identified the +6 orcbow "Joegil" {heavy, *Slow rCorr Int+4
                  | Dex+3}
 13222 | Lair:3   | Reached skill level 14 in Conjurations
 14262 | Lair:3   | Found a hole to the Spider Nest.
 14283 | Lair:3   | Noticed a seven-headed hydra
 14289 | Lair:3   | Killed a seven-headed hydra
 14290 | Lair:3   | Reached skill level 15 in Conjurations
 14290 | Lair:3   | Reached XP level 13. HP: 86/86 MP: 27/35
 14446 | Lair:3   | Got the Elucidation of Frostbite
 14779 | Lair:3   | Killed from afar by a lindwurm

Illustrated notes

Levels and vault maps discovered:
D:1:      heliophobic_arrival_battle_scene, layout_basic, chequers_arboretum
D:2:      layout_loops_cross, basic_altar, uniq_crazy_yiuf_cottage, uniq_sigmund
D:3:      layout_basic, nicolae_overflow_hidden_temple, serial_shops, shop,
          hex_large, uniq_terence, uniq_robin, uniq_grinder
D:4:      layout_rooms, nicolae_wu_jian_wuxing_cycle, serial_shops,
          nicolae_shop_statue_plus, nicolae_shop_back_alley_shop, shop,
          nicolae_shop_trees, nicolae_shop_hallway_plus, gup_sewer_entry_bubbles
D:5:      layout_basic, serial_shops, nicolae_diamond_shop,
          lemuel_flamethrower_1
D:6:      layout_rooms, nicolae_dithmenos_through_a_glass_darkly,
          minmay_temple_entry_statues_fountains
D:7:      layout_basic, ashenzari_altar_1, grunt_qazlal_sundering,
          serial_rivers, chequers_serial_rivers_room_a,
          chequers_serial_rivers_small_3, chequers_serial_rivers_small_a,
          chequers_serial_rivers_micro_d, chequers_serial_rivers_marsh,
          minmay_stone_trees_small, uniq_duvessa
D:8:      layout_cave_pools
D:9:      layout_basic, dpeg_lair_monsters, disabler_island, uniq_grum,
          uniq_erica
D:10:     nzn_winding_woodlands_large [nzn_winding_woodlands_hourglass,
          nzn_winding_woodlands_5x15_pathside_ponds,
          nzn_winding_woodlands_5x5_cross, nzn_winding_woodlands_center_lodge,
          nzn_winding_woodlands_15x15_boxy_spiral,
          nzn_winding_woodlands_center_garden, nzn_winding_woodlands_5x5_three,
          nzn_winding_woodlands_5x15_pool,
          nzn_winding_woodlands_5x5_closed_star], layout_basic,
          minmay_diced_spiral
Lair:1:   layout_cave_pods, minmay_shattered_shrine
Lair:2:   layout_roguey, minmay_shoals_entry_hut, lemuel_old_faithful, uniq_urug
Lair:3:   hangedman_what_comes_after_a, layout_regular_city,
          hellmonk_spider_entry_not_the_bees, minmay_lindwurm_lava

Skill      XL: |  1  2  3  4  5  6  7  8  9 10 11 12 |
---------------+-------------------------------------+-----
Spellcasting   | 2 3 4 6 7 9 10 12 13 | 13.8
Conjurations   | 4 5 6 7 8 10 11 13 15 | 15.2
Armour         | 1 4 |  4.0
Dodging        | |  1.7
Stealth        | |  1.7

Action                     |  1- 3 |  4- 6 |  7- 9 | 10-12 | 13-15 || total
---------------------------+-------+-------+-------+-------+-------++-------
  Melee: Unarmed           |    10 |       |       |       |       ||    10
         Shillelagh        |       |       |     4 |       |       ||     4
         Rapier            |       |       |       |     3 |       ||     3
   Cast: Magic Dart        |    80 |    53 |   200 |   286 |    20 ||   639
         Searing Ray       |     4 |     4 |    12 |    18 |     4 ||    42
         Iskenderun's Myst |       |       |    10 |    84 |    11 ||   105
 Armour: Robe              |     9 |     5 |    41 |    13 |       ||    68
         Leather armour    |       |       |       |    89 |    16 ||   105
  Dodge: Dodged            |     7 |     9 |    28 |    81 |    19 ||   144
